 Dungeon Crawl Stone Soup version 0.18.1-8-gdd0e5ea (webtiles) character file.

590 BoredAlt the Chopper (level 7, -14/67 HPs)
             Began as a Gargoyle Fighter on June 7, 2016.
             Killed by divine providence
             ... invoked by an orc priest
              (16 damage)
             ... while paralysed by Grinder
             ... on level 5 of the Dungeon.
             The game lasted 00:22:17 (3749 turns).

BoredAlt the Chopper (Gargoyle Fighter)             Turns: 3749, Time: 00:22:18

Health: -14/67     AC: 23    Str: 21    XL:     7   Next: 38%
Magic:  7/7        EV:  2    Int:  9    God:
Gold:   146        SH:  0    Dex: 14    Spells: 0 memorised, 6 levels left

rFire  . . .     SeeInvis .     a - +0 war axe
rCold  . . .     Gourm    .     (armour currently unavailable)
rNeg   + + +     Faith    .     c - +0 shield
rPois  ∞         Spirit   .     (helmet currently unavailable)
rElec  .         Dismiss  .     (cloak currently unavailable)
rCorr  .         Reflect  .     (gloves currently unavailable)
SustAt .         Harm     .     (boots currently unavailable)
MR     .....     NoTele   +     (no amulet)
Stlth  ++........               (no ring)
                                (no ring)

@: paralysed, agile, tree-form (expiring), not resistant to hostile
enchantments, unstealthy
A: negative energy resistance 1, (electricity resistance), (unbreathing),
petrification resistance, rot immunity, AC +4
a: no special abilities


You were on level 5 of the Dungeon.
You were hungry.
You were a tree.
You visited 1 branch of the dungeon, and saw 5 of its levels.

You collected 146 gold pieces.

Inventory:

Hand Weapons
 a - a +0 war axe (weapon)
Armour
 c - a +0 shield (worn)
 r - a +1 chain mail (melded)
Scrolls
 e - 3 scrolls of identify
 h - a scroll of remove curse
Comestibles
 d - 3 chunks of flesh
 f - 5 bread rations
 g - 2 meat rations
 j - a slice of pizza
 l - 2 beef jerkies


   Skills:
 + Level 5.9 Fighting
 * Level 5.9 Axes
 - Level 3.4 Armour
 - Level 3.2 Shields


You had 6 spell levels left.
You didn't know any spells.

Dungeon Overview and Level Annotations

Branches:
Dungeon (4/15)             Temple (0/1) D:4

Altars:
Ashenzari
Yredelemnul
The Shining One

Annotations:
D:4 Duskembrace's ghost, amateur DgMo
D:5 Grinder


Innate Abilities, Weirdness & Mutations

You are resistant to torment.
((Your stone body is resilient (AC +4).))
You are immune to poison.
You resist negative energy.
((You are resistant to electric shocks.))
((You can survive without breathing.))
You are immune to petrification.
You are immune to rotting.


Message History

You suddenly lose the ability to move!
The orc priest invokes the aid of Beogh against you.
Beogh smites you!
* * * LOW HITPOINT WARNING * * *
Grinder gestures at you.
You shrug off the repeated paralysis!
Your transformation is almost over.
The orc priest hits you but does no damage.
Grinder gestures at you.
You struggle to resist.
The orc wizard mumbles some strange words.
The orc wizard seems to speed up.
The orc priest hits you but does no damage.
Grinder blinks!
The orc priest hits you but does no damage.
The orc priest hits you from afar with a trident of protection.
* * * LOW HITPOINT WARNING * * *
The orc priest mumbles some strange prayers to Beogh against you.
Beogh smites you!
You die...

##.# ##...# ######
### ##..# ###....##
##..# ###.......###
#..##
#...........##
##..#
.............#
#..##
.............#
##..#
...$.........#
#.†##
.............# #♣)#
.o.......J...###)##
..o......o.o..(o.#
.........o.....o##
................#
.........5..5..##
...............#
.............#.#
........#.#


You could see Grinder, an orc priest and an orc wizard.

Vanquished Creatures
  A phantom (D:4)
  An ogre (D:4)
  A big kobold (D:4)
  A scorpion (D:4)
  An orc priest (D:5)
  A jelly (D:5)
  An orc wizard (D:3)
  Jessica (D:3)
  A worker ant (D:4)
  Ijyb (D:3)
  4 adders
  A shadow imp (D:3)
  A worm (D:2)
  2 dart slugs
  3 giant geckos (D:3)
  16 orcs
  7 bats
  5 giant cockroaches
  6 goblins
  4 hobgoblins
  5 jackals
  3 kobolds
  A quokka (D:5)
  2 ball pythons
  8 giant newts
  6 rats
  A spectral orc (D:3)
85 creatures vanquished.

Notes
Turn   | Place    | Note
--------------------------------------------------------------
     0 | D:1      | BoredAlt the Gargoyle Fighter began the quest for the Orb.
     0 | D:1      | Reached XP level 1. HP: 14/14 MP: 1/1
   226 | D:1      | Reached XP level 2. HP: 19/19 MP: 2/2
   947 | D:2      | Reached XP level 3. HP: 24/24 MP: 3/3
  1351 | D:2      | Found a glowing golden altar of the Shining One.
  1742 | D:3      | Reached XP level 4. HP: 28/29 MP: 4/4
  1986 | D:3      | Found a basalt altar of Yredelemnul.
  2054 | D:3      | Noticed Jessica
  2072 | D:3      | Killed Jessica
  2072 | D:3      | Reached XP level 5. HP: 4/34 MP: 5/5
  2720 | D:3      | Noticed Ijyb
  2731 | D:3      | Killed Ijyb
  2853 | D:3      | Found a shattered altar of Ashenzari.
  3102 | D:4      | Reached XP level 6. HP: 34/40 MP: 6/6
  3155 | D:4      | Reached skill level 5 in Fighting
  3184 | D:4      | Reached skill level 5 in Axes
  3368 | D:4      | Noticed a phantom
  3373 | D:4      | Noticed Duskembrace's ghost (amateur DgMo)
  3446 | D:4      | Killed a phantom
  3446 | D:4      | Reached XP level 7. HP: 33/45 MP: 7/7
  3542 | D:4      | You fall through a shaft!
  3542 | D:5      | Entered Level 5 of the Dungeon
  3691 | D:5      | Noticed Grinder
  3743 | D:5      | Paralysed by Grinder for 7 turns
  3748 | D:5      | HP: 2/67 [orc priest/trident of protection (4)]
  3749 | D:5      | Killed from afar by an orc priest

Skill      XL: |  1  2  3  4  5  6 |
---------------+-------------------+-----
Axes           | 2 3 4 5 |  5.9
Fighting       | 4 5 |  5.9
Armour         | |  3.4
Shields        | |  3.2

Action                   |  1- 3 |  4- 6 |  7- 9 || total
-------------------------+-------+-------+-------++-------
Melee: War axe           |   125 |   161 |    29 ||   315
  Use: Scroll            |     2 |     5 |       ||     7
       Potion            |       |     1 |     5 ||     6
  Eat: Chunk             |     2 |     6 |     1 ||     9
Armor: Scale mail        |    73 |    36 |       ||   109
       Chain mail        |       |    79 |    13 ||    92
       Skin              |       |       |    26 ||    26
Dodge: Dodged            |    34 |    36 |    13 ||    83
Block: Shield            |    73 |    85 |    19 ||   177
